 Dungeon Crawl Stone Soup version 0.27-a0-1378-gdefffd1ff6 (webtiles) character file.

Game seed: 6949836888200385913

660 dolemite99 the Carver (level 7, -2/57 HPs)
             Began as a Minotaur Fighter on June 30, 2021.
             Was a Follower of Yredelemnul.
             Killed by divine providence
             ... invoked by an orc priest
              (13 damage)
             ... on level 6 of the Dungeon.
             The game lasted 00:04:02 (3665 turns).

dolemite99 the Carver (Minotaur Fighter)            Turns: 3665, Time: 00:04:03

Health: -2/57      AC:  9    Str: 22    XL:     7   Next: 30%
Magic:  6/6        EV:  5    Int:  5    God:    Yredelemnul [*.....]
Gold:   109        SH:  9    Dex: 10    Spells: 6/6 levels left

rFire    . . .     SeeInvis .   a - +0 long sword
rCold    . . .     Faith    .   c - +0 kite shield
rNeg     . . .     Spirit   .   h - +0 chain mail
rPois    .         Reflect  .   (helmet restricted)
rElec    .         Harm     .   (no cloak)
rCorr    .         Rampage  .   (no gloves)
Will     .....                  (no boots)
Stlth    ..........             (no amulet)
HPRegen  0.19/turn              (no ring)
MPRegen  0.10/turn              (no ring)

@: on berserk cooldown, slowed, very slow
A: horns 2, retaliatory headbutt
a: Renounce Religion, Animate Remains


You were on level 6 of the Dungeon.
You worshipped Yredelemnul.
Yredelemnul was aware of your devotion.
You visited 1 branch of the dungeon, and saw 6 of its levels.

You collected 187 gold pieces.
You spent 78 gold pieces at shops.

Inventory:

Hand Weapons
 a - a +0 long sword (weapon)
 d - a +1 dagger of freezing
Missiles
 g - 44 arrows
 l - 64 stones
 o - 10 poisoned darts (quivered)
Armour
 b - a +0 scale mail
 c - a +0 kite shield (worn)
 h - a +0 chain mail (worn)
Wands
 n - a wand of iceblast (10)
Scrolls
 f - 2 scrolls of noise {unknown}
 i - a scroll of brand weapon {unknown}
 j - a scroll of vulnerability
 m - 3 scrolls of fog {unknown}
 q - 2 scrolls of enchant weapon {unknown}
Potions
 k - 2 potions of ambrosia
 p - a potion of berserk rage
 r - 3 potions of flight
 s - 2 potions of curing


   Skills:
 - Level 3.6 Fighting
 + Level 9.8 Long Blades
 - Level 3.6 Armour
 - Level 3.6 Shields


You had 6 spell levels left.
You didn't know any spells.
Your spell library contained the following spells:

 Spells                   Type           Power      Damage    Failure   Level
 Corona                   Hex            0%         N/A       100%        1
 Slow                     Hex            0%         N/A       100%        2
 Inner Flame              Hex/Fire       0%         N/A       100%        3
 Portal Projectile        Hex/Tloc       0%         N/A       100%        3
 Cause Fear               Hex            0%         N/A       100%        4
 Leda's Liquefaction      Hex/Erth       0%         N/A       100%        4


Dungeon Overview and Level Annotations

Branches:
Dungeon (7/15)
 Temple: D:4-7

Altars:
Yredelemnul

Shops:
D:3 !


Innate Abilities, Weirdness & Mutations

You have a pair of horns on your head.
You reflexively headbutt those who attack you in melee.


Message History

You headbutt the orc!
You kill the orc!
Yredelemnul accepts your kill.
An orc priest comes into view. It is wielding a +0 hand axe.
Things that are here:
a +0 whip; a scroll labelled TYKKOS SAN ROC You feel a strong urge to attack something.
You are no longer berserk.
You are exhausted.
You feel yourself slow down.
The orc priest shouts!
Things that are here:
a +0 flail; 20 stones; an orc corpse The orc priest mumbles some strange prayers to Beogh against you.
Beogh smites you!
You slash the orc!
You kill the orc!
Yredelemnul accepts your kill.
An orc wizard comes into view. It is wielding a +0 dagger.
The orc wizard moves out of view.
The orc wizard shouts!
The orc priest invokes the aid of Beogh against you.
Pain shoots through your body!
* * * LOW HITPOINT WARNING * * *
The orc wizard gestures wildly while chanting.
The orc wizard flickers and vanishes!
Deactivating autopickup; reactivate with Ctrl-A.
The orc priest hits you with a +0 hand axe.
* * * LOW HITPOINT WARNING * * *
A puff of flame appears from out of thin air!
The puff of flame hits you.
* * * LOW HITPOINT WARNING * * *
You hit the orc priest.
You headbutt the orc priest, but do no damage.
The orc priest is moderately wounded.
The orc priest hits you but does no damage.
The orc priest mumbles some strange prayers to Beogh against you.
Beogh smites you!
You die...
Your body rises from the dead as a mindless zombie.

.......................
....................##
.................#....# .#
.................#....##.#.#
#...........#....#.##......#
#.........o.#..............#
.........z..#..............#
............#..o......##.....
.......zo...#..@......# .....
#.........#.).......# #....
#$........#.)).###..#.+ ...
#.........#....# ##)#.#....
............#..).####'#.#....
....###############..>........
.... .................. ...
.................. ..
..................


You could see an orc priest.

Vanquished Creatures
  Sigmund (D:3)
  A bullfrog (D:6)
  2 wights (D:6)
  2 jellies
  2 hounds (D:4)
  2 iguanas (D:4)
  3 orc wizards
  A hound skeleton (D:3)
  2 adders
  A shadow imp (D:6)
  An adder skeleton (D:4)
  2 dart slugs (D:4)
  15 orcs
  3 ball pythons
  8 bats
  3 endoplasms (D:1)
  2 giant cockroaches
  9 goblins
  4 hobgoblins
  3 jackals (D:1)
  4 quokkas
  4 frilled lizards (D:1)
  8 kobolds
  A rat (D:3)
84 creatures vanquished.

Vanquished Creatures (others)
  A withered plant (D:3)
1 creature vanquished.

Grand Total: 85 creatures vanquished

Notes
Turn   | Place    | Note
-------+----------+-------------------------------------------
     0 | D:1      | dolemite99 the Minotaur Fighter began the quest for the
                  | Orb.
     0 | D:1      | Reached XP level 1. HP: 19/19 MP: 0/0
   104 | D:1      | Reached skill level 3 in Long Blades
   107 | D:1      | Reached XP level 2. HP: 23/26 MP: 1/1
   290 | D:1      | Reached skill level 4 in Long Blades
   877 | D:2      | Found a basalt altar of Yredelemnul.
   888 | D:2      | Reached XP level 3. HP: 28/31 MP: 2/2
  1153 | D:2      | Became a worshipper of Yredelemnul the Dark
  2027 | D:3      | Reached skill level 5 in Long Blades
  2029 | D:3      | Reached XP level 4. HP: 20/39 MP: 3/3
  2294 | D:3      | Reached skill level 6 in Long Blades
  2323 | D:3      | Found a faded altar of an unknown god.
  2715 | D:3      | Reached XP level 5. HP: 45/45 MP: 4/4
  2728 | D:3      | Found Ulusah's Distillery.
  2731 | D:3      | Bought a potion of curing for 39 gold pieces
  2731 | D:3      | Bought a potion of curing for 39 gold pieces
  2736 | D:3      | Noticed Sigmund
  2743 | D:3      | Killed Sigmund
  2744 | D:3      | Reached skill level 7 in Long Blades
  2744 | D:3      | Reached XP level 6. HP: 46/51 MP: 5/5
  2927 | D:4      | Reached skill level 8 in Long Blades
  3201 | D:4      | Reached * piety under Yredelemnul
  3461 | D:4      | Reached skill level 9 in Long Blades
  3492 | D:4      | You fall into a shaft and drop 2 floors!
  3561 | D:7      | Noticed an ice beast
  3583 | D:6      | Reached XP level 7. HP: 44/57 MP: 6/6
  3665 | D:6      | Killed from afar by an orc priest

Illustrated notes

Levels and vault maps discovered:
D:1:      zaba_arrival_water, layout_basic, minmay_misc_feat_square,
          st_stairs_5, solitary_fountain
D:2:      layout_basic, basic_altar, due_unseen_surprise
D:3:      layout_loops_ring, serial_shops, nicolae_shop_behind_doors,
          ebering_ecumenical_altar_petrified, grunt_ministairs_9, uniq_sigmund
D:4:      layout_rooms, minmay_temple_entry_oklob
D:6:      layout_basic, uniq_blork_the_orc
D:7:      layout_gridville, serial_glass, glass_columns_a, glass_columns_c,
          glass_columns_a, glass_columns_c, serial_bayou_ford_a,
          kennysheep_generic_room_12

Skill      XL: |  1  2  3  4  5  6 |
---------------+-------------------+-----
Long Blades    | 3 4 5 6 7 9 |  9.8
Fighting       | |  3.6
Armour         | |  3.6
Shields        | |  3.6

Action                   |  1- 3 |  4- 6 |  7- 9 || total
-------------------------+-------+-------+-------++-------
Melee: Long sword        |    94 |   115 |     9 ||   218
       Headbutt          |    16 |    18 |     4 ||    38
Throw: Stone             |    10 |       |       ||    10
       Dart              |     3 |    32 |       ||    35
  Use: Potion            |       |     1 |     1 ||     2
       Scroll            |       |     4 |       ||     4
Armor: Scale mail        |     8 |       |       ||     8
       Chain mail        |    38 |    56 |     7 ||   101
Dodge: Dodged            |    18 |    26 |     4 ||    48
Block: Kite shield       |    70 |    72 |     7 ||   149
       Rpst.: Long sword |     4 |     9 |     1 ||    14

Table legend: (Time is in decaauts)
 A = Elapsed time spent in this place.
 B = Non-inter-level travel time spent in this place.
 C = Inter-level travel time spent in this place.
 D = Time resting spent in this place.
 E = Time spent auto-exploring this place.
 F = Levels seen in this place.
 G = Mean time per level.
                   A        B        C        D        E       F      G
               +--------+--------+--------+--------+--------+-----+--------+
         Total |   3749 |   3671 |     78 |    807 |   2076 |   6 |  624.8 |
       Dungeon |   3749 |   3671 |     78 |    807 |   2076 |   6 |  624.8 |
               +--------+--------+--------+--------+--------+-----+--------+

Top non-repeatable levels by time:
     D:3: 1101 daAuts
     D:2: 1082 daAuts
     D:1: 800 daAuts
     D:4: 588 daAuts
     D:6: 174 daAuts
     D:7: 1 daAuts
